 Dungeon Crawl Stone Soup version 0.21.0-3-g78d12a8 (webtiles) character file.

130 Suckerboh the Firebug (level 4, -2/24 HPs)
             Began as a Deep Elf Fire Elementalist on Jan 13, 2018.
             Killed by divine providence
             ... invoked by an orc priest
              (12 damage)
             ... on level 4 of the Dungeon.
             The game lasted 00:06:52 (3570 turns).

Suckerboh the Firebug (Deep Elf Fire Elementalist)  Turns: 3570, Time: 00:06:53

Health: -2/24      AC:  5    Str:  5    XL:     4   Next: 90%
Magic:  10/12      EV: 13    Int: 21    God:
Gold:   237        SH:  0    Dex: 15    Spells: 7/11 levels left

rFire    . . .     SeeInvis .   (no weapon)
rCold    . . .     Gourm    .   (no shield)
rNeg     . . .     Faith    .   a - +0 robe
rPois    .         Spirit   .   (no helmet)
rElec    .         Reflect  .   l - +1 cloak
rCorr    .         Harm     .   g - +0 pair of gloves
MR       .....                  (no boots)
Stlth    ++........             (no amulet)
HPRegen  0.08/turn              (no ring)
MPRegen  0.13/turn              (no ring)

@: no status effects
A: no striking features
a: no special abilities


You were on level 4 of the Dungeon.
You were not hungry.

You visited 1 branch of the dungeon, and saw 4 of its levels.

You collected 237 gold pieces.

Inventory:

Hand Weapons
 t - a cursed -3 blowgun
Missiles
 u - 20 poisoned needles
Armour
 a - a +0 robe (worn)
 g - a +0 pair of gloves (worn)
 l - a +1 cloak (worn)
Jewellery
 o - an uncursed amulet of faith {unknown}
Scrolls
 d - 3 scrolls of teleportation {unknown}
 f - 2 scrolls of noise {unknown}
 h - 8 scrolls of identify {unknown}
 j - 4 scrolls of remove curse {unknown}
 m - a scroll of random uselessness {unknown}
 p - a scroll of fog {unknown}
 s - a scroll of amnesia {unknown}
Potions
 e - a potion of haste {unknown}
 i - 2 potions of heal wounds {unknown}
 k - 2 potions of resistance {unknown}
 n - 2 potions of brilliance {unknown}
 q - a potion of agility {unknown}
 r - a potion of invisibility {unknown}
 v - a potion of cancellation {unknown}
 w - a potion of experience {unknown}
Books
 b - a book of Flames

   Spells                             Type                      Level
   a - Flame Tongue                   Conjuration/Fire             1
   b - Throw Flame                    Conjuration/Fire             2
   c - Conjure Flame                  Conjuration/Fire             3
   d - Inner Flame                    Hexes/Fire                   3
   e - Sticky Flame                   Conjuration/Fire             4
   f - Fireball                       Conjuration/Fire             5
 x - a book of Misfortune

   Spells                             Type                      Level
   a - Confusing Touch                Hexes                        1
   b - Confuse                        Hexes                        3
   c - Gell's Gravitas                Translocation                3
   d - Petrify                        Transmutation/Earth          4
   e - Metabolic Englaciation         Hexes/Ice                    5
   f - Yara's Violent Unravelling     Hexes/Transmutation          5
Comestibles
 c - 6 rations


   Skills:
 + Level 0.2 Fighting
 + Level 3.1 Dodging
 - Level 2.4 Stealth
 + Level 4.3 Spellcasting
 * Level 2.6 Conjurations
 + Level 4.5 Fire Magic


You had 7 spell levels left.
You knew the following spells:

 Your Spells              Type           Power        Failure   Level  Hunger
a - Flame Tongue          Conj/Fire      ###..        2%          1    None
b - Conjure Flame         Conj/Fire      ###.....     8%          3    ##.....


Dungeon Overview and Level Annotations

Branches:
Dungeon (4/15)
 Temple: D:4-7

Altars:
Ashenzari
Fedhas
Uskayaw
Xom


Message History

Confirm with . or Enter, or press ? or * to list all spells.
You can't see any susceptible monsters within range! (Use Z to cast anyway.) Unknown command.
Casting: Flame Tongue
Confirm with . or Enter, or press ? or * to list all spells.
Aiming: Flame Tongue
Press: ? - help, Shift-Dir - straight line, f - orc wizard
Aim: an orc wizard, wielding a dagger and wearing a robe The flame tongue hits the orc wizard.
The orc wizard appears unharmed.
Casting: Flame Tongue
Confirm with . or Enter, or press ? or * to list all spells.
Aiming: Flame Tongue
Press: ? - help, Shift-Dir - straight line, f/p - orc wizard
Aim: an orc wizard, wielding a dagger and wearing a robe The flame tongue hits the orc wizard.
The orc wizard is lightly wounded.
The orc priest mumbles some strange prayers to Beogh against you.
Beogh smites you!
Ouch! That really hurt!
You die... .#.... '.... oooo

#... #... #.o.
#############''#########
≈≈≈≈≈≈≈≈≈≈≈≈...o@≈≈≈≈≈≈≈
≈≈≈≈≈≈≈≈≈≈≈≈....≈≈≈≈≈≈≈≈
≈≈≈≈≈≈≈≈≈≈≈......≈≈≈≈≈≈≈
≈≈≈≈≈≈≈.≈.≈(......≈≈≈≈.≈
........................
........................
#.##.##.###.......###.#.
#..[....# ###.....# .#
#######.######...##


You could see an orc priest and an orc wizard.

Vanquished Creatures
  A scorpion (D:4)
  An adder (D:3)
  3 worms
  A dart slug (D:2)
  2 leopard geckos
  5 orcs (D:3)
  3 giant cockroaches
  8 goblins
  7 hobgoblins
  4 jackals (D:1)
  2 ball pythons
  2 bats
  A frilled lizard (D:2)
  10 kobolds
  5 rats
55 creatures vanquished.

Vanquished Creatures (others)
  A plant (D:4)
1 creature vanquished.

Grand Total: 56 creatures vanquished

Notes
Turn   | Place    | Note
-------+----------+-------------------------------------------
     0 | D:1      | Suckerboh the Deep Elf Fire Elementalist began the quest for the Orb.
     0 | D:1      | Reached XP level 1. HP: 10/10 MP: 6/6
   415 | D:1      | Reached XP level 2. HP: 15/15 MP: 1/8
  1285 | D:2      | Reached XP level 3. HP: 19/19 MP: 6/9
  1487 | D:2      | Found a blossoming altar of Fedhas.
  1996 | D:3      | Found a shimmering altar of Xom.
  2045 | D:3      | Found a hide-covered altar of Uskayaw.
  2394 | D:3      | Found a shattered altar of Ashenzari.
  2688 | D:3      | Learned a level 3 spell: Conjure Flame
  2778 | D:3      | Reached XP level 4. HP: 24/24 MP: 8/11
  3570 | D:4      | Killed from afar by an orc priest

Skill      XL: |  1  2  3  4 |
---------------+-------------+-----
Fire Magic     | 4 |  4.5
Conjurations   | 2 |  2.6
Spellcasting   | 4 |  4.3
Dodging        | 3 |  3.1
Fighting       | |  0.2
Stealth        | |  2.4

Action                   |  1- 3 |  4- 6 || total
-------------------------+-------+-------++-------
Melee: Unarmed           |    23 |     9 ||    32
 Cast: Flame Tongue      |    82 |    32 ||   114
  Eat: Chunk             |     5 |     3 ||     8
Armor: Robe              |    24 |     7 ||    31
Dodge: Dodged            |    67 |    16 ||    83
